 Dungeon Crawl Stone Soup version 0.23.1 (webtiles) character file.

Game seed: 3834949065606888619

172159 wolfsongas the Severer (level 17, 0/104 HPs)
             Began as a Gargoyle Monk on Mar 2, 2019.
             Was the Champion of Kikubaaqudgha.
             Slain by an emperor scorpion (11 damage)
             ... on level 4 of the Spider Nest.
             The game lasted 00:48:29 (25075 turns).

wolfsongas the Severer (Gargoyle Monk)             Turns: 25075, Time: 00:48:29

Health: 0/104      AC: 52    Str: 27      XL:     17   Next: 73%
Magic:  16/22      EV: 13    Int: 12      God:    Kikubaaqudgha [******]
Gold:   3014       SH:  5    Dex:  6 (7)  Spells: 18/22 levels left

rFire    . . .     SeeInvis .   f - +4 battleaxe (vamp)
rCold    . . .     Gourm    .   (shield currently unavailable)
rNeg     + . .     Faith    .   a - +15 Maxwell's patent armour {-Cast -Tele rElec MR+ rCorr}
rPois    ∞         Spirit   .   b - +2 hat {MR+}
rElec    +         Reflect  +   e - +0 cloak
rCorr    +         Harm     .   s - +2 pair of gloves
MR       +++..     NoTele   +   (no boots) Stlth ..........NoCast +
                                M - amulet of the Solstice {Reflect rPois SH+5}
HPRegen  0.27/turn              F - ring "Boczevue" {rElec EV+4 Str+6 Dex-3 Stlth+}
MPRegen  0.18/turn              H - +4 ring of slaying

@: flying
A: big wings, horns 1, clumsy 1, frail 1, negative energy resistance 1,
electricity resistance, unbreathing, petrification resistance, rot immunity,
subdued magic 1, AC +12
}: 1/15 runes: gossamer
a: Stop Flying, Receive Corpses, Torment, Brand Weapon With Pain, Receive
Necronomicon, Renounce Religion


You were on level 4 of the Spider Nest.
You worshipped Kikubaaqudgha.
Kikubaaqudgha was exalted by your worship.
You were not hungry.

You visited 4 branches of the dungeon, and saw 26 of its levels.
You visited the Abyss 1 time.
You also visited: Ice Cave.

You collected 3015 gold pieces.
You spent 1 gold pieces at shops.

Inventory:

Hand Weapons
 f - a +4 vampiric battleaxe (weapon)
 q - a +0 executioner's axe
 K - the +0 battleaxe of Floods {flame, rN+}
   (You acquired it on level 2 of the Lair of Beasts)

   It has been specially enchanted to burn those struck by it, causing extra
   injury to most foes and up to half again as much damage against particularly
   susceptible opponents.
   Big, fiery blades are also staple armaments of hydra-hunters.
   It protects you from negative energy.
Armour
 a - the +15 Maxwell's patent armour (worn) {-Cast -Tele rElec MR+ rCorr}
   (You found it on level 8 of the Dungeon)

   It insulates you from electricity.
   It affects your resistance to hostile enchantments.
   It prevents spellcasting.
   It prevents most forms of teleportation.
   It provides partial protection from all sources of acid and corrosion.
 b - a +2 hat of magic resistance (worn)
 e - a +0 cloak (worn)
 s - a +2 pair of gloves (worn)
Jewellery
 y - an uncursed ring of see invisible
 F - the ring "Boczevue" (left hand) {rElec EV+4 Str+6 Dex-3 Stlth+}
   (You found it in an ice cave)

   [ring of evasion]

   It affects your evasion (+4).
   It affects your strength (+6).
   It affects your dexterity (-3).
   It insulates you from electricity.
   It makes you more stealthy.
 H - a +4 ring of slaying (right hand)
 M - the amulet of the Solstice (around neck) {Reflect rPois SH+5}
   (You found it on level 2 of the Orcish Mines)

   [amulet of reflection]

   It shields you and reflects attacks.
   It protects you from poison.
   It affects your SH (+5).
Wands
 m - a wand of flame (33)
 u - a wand of scattershot (3)
 C - a wand of disintegration (46)
 E - a wand of digging (15)
 G - a wand of acid (3)
 J - a wand of paralysis (6)
Scrolls
 d - 10 scrolls of remove curse
 g - 6 scrolls of blinking
 i - 3 scrolls of magic mapping
 j - 5 scrolls of fog
 r - a scroll of enchant weapon
 t - 10 scrolls of amnesia
 w - 9 scrolls of teleportation
 A - a scroll of brand weapon {unknown}
 I - 2 scrolls of fear
 L - a scroll of silence
 O - a scroll of vulnerability {unknown}
 P - a scroll of enchant armour
Potions
 h - 2 potions of brilliance
 k - a potion of invisibility
 l - 5 potions of heal wounds
 n - 3 potions of might
 o - a potion of mutation
 p - a potion of resistance
 v - a potion of cancellation
 x - 6 potions of curing
 z - 2 potions of agility
 D - 2 potions of haste
 N - a potion of magic
Comestibles
 c - 20 rations


   Skills:
 - Level 16.3 Fighting
 * Level 18.7 Axes
 + Level 15.7 Armour
 - Level 2.4 Dodging
 - Level 2.1 Stealth
 - Level 3.3 Spellcasting
 - Level 7.2 Necromancy


You had 18 spell levels left.
You knew the following spells:

 Your Spells              Type           Power        Failure   Level  Hunger
a - Animate Dead          Necr           N/A          54%         4    #####..

Your spell library contained the following spells:

 Spells                   Type           Power        Failure   Level  Hunger
 Animate Skeleton         Necr           N/A          6%          1    #......
 Pain                     Necr           ##..         6%          1    #......
 Corpse Rot               Necr           N/A          10%         2    ##.....
 Vampiric Draining        Necr           ##........   19%         3    ###....
 Regeneration             Chrm/Necr      #.........   65%         3    ###....
 Apportation              Tloc           #.....       78%         1    #......
 Beastly Appendage        Tmut           #.....       78%         1    #......
 Confusing Touch          Hex            #.....       78%         1    #......
 Freeze                   Ice            #...         78%         1    #......
 Infusion                 Chrm           #...         78%         1    #......
 Shock                    Conj/Air       #...         78%         1    #......
 Sting                    Conj/Pois      #...         78%         1    #......
 Summon Small Mammal      Summ           #...         78%         1    #......
 Poisonous Vapours        Pois/Air       #.....       89%         2    ##.....
 Shroud of Golubria       Chrm/Tloc      #.........   89%         2    ##.....
 Song of Slaying          Chrm           #.......     89%         2    ##.....
 Sticks to Snakes         Tmut           #.......     89%         2    ##.....
 Swiftness                Chrm/Air       #.......     89%         2    ##.....
 Throw Frost              Conj/Ice       #.....       89%         2    ##.....
 Agony                    Necr           ##......     89%         5    ######.
 Dispel Undead            Necr           ##......     89%         5    ######.
 Ignite Poison            Fire/Tmut/Pois #.......     99%         3    ###....
 Mephitic Cloud           Conj/Pois/Air  #.......     99%         3    ###....
 Ozocubu's Armour         Chrm/Ice       #.......     99%         3    ###....
 Spectral Weapon          Hex/Chrm       #.......     99%         3    ###....
 Spider Form              Tmut/Pois      #.........   99%         3    ###....
 Static Discharge         Conj/Air       #.......     99%         3    ###....
 Airstrike                Air            #.........   100%        4    #####..
 Ice Form                 Ice/Tmut       #.......     100%        4    #####..
 Leda's Liquefaction      Hex/Erth       #.........   100%        4    #####..
 Olgreb's Toxic Radiance  Pois           #.......     100%        4    #####..
 Summon Ice Beast         Ice/Summ       #.......     100%        4    #####..
 Throw Icicle             Conj/Ice       #.......     100%        4    #####..
 Blade Hands              Tmut           #.........   100%        5    ######.
 Bolt of Magma            Conj/Fire/Erth #.........   100%        5    ######.
 Excruciating Wounds      Chrm/Necr      #.........   100%        5    ######.
 Fireball                 Conj/Fire      #.........   100%        5    ######.
 Irradiate                Conj/Tmut      #.........   100%        5    ######.
 Iskenderun's Battlesphe  Conj/Chrm      #.......     100%        5    ######.
 Lightning Bolt           Conj/Air       #.........   100%        5    ######.
 Venom Bolt               Conj/Pois      #.........   100%        5    ######.
 Bolt of Fire             Conj/Fire      #.........   100%        6    #######
 Death Channel            Necr           ##........   100%        6    #######
 Hydra Form               Tmut           #.........   100%        6    #######
 Iron Shot                Conj/Erth      #.........   100%        6    #######
 Dragon Form              Tmut           #.........   100%        7    #######
 Orb of Destruction       Conj           #.........   100%        7    #######
 Ring of Flames           Chrm/Fire      #.........   100%        7    #######
 Spellforged Servitor     Conj/Summ      #.........   100%        7    #######
 Ignition                 Fire           #.........   100%        8    #######
 Shatter                  Erth           #.........   100%        9    #######
 Statue Form              Tmut/Erth      Unusable     N/A         6    N/A

Dungeon Overview and Level Annotations

Branches:
Dungeon (15/15)            Temple (0/1) D:6            Lair (5/6) D:10
  Swamp (0/4) Lair:4       Spider (4/4) Lair:2          Orc (2/2) D:11
    Elf (0/3) Orc:2        Vaults (0/5) D:13         Depths (0/5) D:15
  Slime: Lair:5-6

Altars:
Ashenzari
Cheibriados
Elyvilon
Gozag
Kikubaaqudgha
Nemelex Xobeh
Okawaru
Qazlal
Ru
Vehumet
Xom
Yredelemnul
The Shining One
Beogh

Shops:
D:5 *   D:14 !   Orc:1 *   Orc:2 }(%=

Annotations:
D:9 2 transporters


Innate Abilities, Weirdness & Mutations

You are resistant to torment.
Your stone body is resilient. (AC +12)
You are immune to poison.
Your large and strong wings let you fly indefinitely.
You resist negative energy. (rN+)
You are resistant to electric shocks. (rElec)
You can survive without breathing.
You are immune to petrification.
You are immune to rotting.
You have a pair of small horns on your head.
You are clumsy. (Dex -2)
You are frail. (-10% HP)
Your spells are a little easier to cast, but a little less powerful.


Message History

The emperor scorpion closely misses you.
The emperor scorpion misses you.
The emperor scorpion claws you but does no damage.
You hit the emperor scorpion but do no damage.
The emperor scorpion is severely wounded.
The emperor scorpion stings you but does no damage.
You block the emperor scorpion's attack.
The emperor scorpion closely misses you.
The emperor scorpion stings you but does no damage.
The emperor scorpion closely misses you. x2
You hit the emperor scorpion but do no damage.
Your headbutt misses the emperor scorpion.
The emperor scorpion is severely wounded.
The emperor scorpion stings you!!
* * * LOW HITPOINT WARNING * * *
The emperor scorpion claws you but does no damage. x2
The emperor scorpion stings you but does no damage.
The emperor scorpion claws you!
You die...
Kikubaaqudgha rasps: "You have failed me!
Welcome... oblivion!"

..##.#...#,##,.#* *,,,,,,,
.##.^#...#,.##..## **,,,****
##..##...#*.^##..# *,,,*****
#...##'''##..^#..## *,,*,,,,,
##...........#*#..# **,,***,,,
##......(..## #s†# **,,,,*,,,,
##.........## #..# ***,,,,**,,,,
##...........###s.# *,,,**,*,,,,,
##..^........##.@##**,,***,,***,,
#...#^....#...#..# *,,,* *,,*****
.^.###...###^....# **,,***,,,*,**
....#....^#^.....## **,,,*,,,,,,,
.......!.^........## **,,,,******
...................# *,,*,,,,,,,
..^#....^^.#....#..# ***,,******
..###.....###...#..# *,,,*
...#...^...#...##..# **,,**


You could see an emperor scorpion (berserk) and an orb spider.

Vanquished Creatures
  Arachne (Spider:4)
  A bone dragon (Abyss:1)
  2 ghost moths (Spider:4)
  Louise (D:15)
  2 emperor scorpions (Spider:4)
  An orc warlord (Orc:2)
  A cacodemon (Abyss:1)
  4 entropy weavers
  A starcursed mass (Abyss:1)
  4 spark wasps
  An ogre mage (D:15)
  A yaktaur captain (D:15)
  2 ice dragons (IceCv)
  A hydra (D:11)
  A death knight (D:15)
  6 centaur warriors
  12 two-headed ogres
  7 dancing weapons (Spider:3)
  2 tengu warriors
  2 thrashing horrors (Abyss:1)
  5 orc high priests
  Nergalle (Lair:3)
  Sonja (Lair:4)
  An unseen horror (D:12)
  A phantasmal warrior (Abyss:1)
  7 orc knights
  A wolf spider zombie (D:14)
  A deep elf mage (D:13)
  21 wolf spiders
  8 ugly things
  5 orc sorcerers (Orc:2)
  2 oklob plants (Lair:3)
  A manticore (D:13)
  A worldbinder (Abyss:1)
  4 cyclopes
  20 orb spiders
  10 elephants
  6 moths of wrath
  2 ice statues (IceCv)
  7 spiny frogs
  2 black mambas
  A torpor snail (Spider:3)
  An orange demon (Abyss:1)
  2 gargoyles
  4 rime drakes
  2 efreet
  A yaktaur (D:15)
  15 demonic crawlers
  9 komodo dragons
  2 ice devils (D:12)
  2 freezing wraiths (D:15)
  An ancient zyme (Abyss:1)
  33 jumping spiders
  6 trolls
  2 tengu conjurers
  A polar bear (Lair:5)
  6 hornets
  A tyrant leech (shapeshifter) (D:15)
  Grinder (D:5)
  2 raiju (Abyss:1)
  A bog body (Lair:4)
  6 slime creatures (D:14)
  17 blink frogs
  6 hippogriffs
  A meliai zombie (D:13)
  3 shadows
  38 tarantellas
  70 redbacks
  3 vampires
  37 yaks
  2 wraiths (D:15)
  2 water elementals (D:15)
  2 golden eyes (Abyss:1)
  4 basilisks
  A chaos spawn (Abyss:1)
  11 vampire mosquitoes
  3 hungry ghosts
  3 wargs
  Menkaure (D:5)
  An insubstantial wisp (Lair:3)
  2 acid dragons
  7 water moccasins
  12 porcupines
  5 black bears
  A swamp drake (Lair:3)
  15 ice beasts
  42 orc warriors
  6 sky beasts
  A hornet zombie (D:8)
  A necrophage (D:10)
  3 wolves (Lair:3)
  25 ogres
  2 phantoms
  13 centaurs
  7 crocodiles
  A big kobold (D:12)
  14 bullfrogs
  A gnoll sergeant (Orc:1)
  A wyvern zombie (D:11)
  2 small abominations (Abyss:1)
  A wyvern skeleton (D:11)
  9 scorpions
  5 killer bees (D:11)
  3 howler monkeys
  7 wights
  6 electric eels
  11 crimson imps
  4 centaur zombies
  2 quasits (Abyss:1)
  27 orc priests
  2 jellies
  3 centaur skeletons
  7 hounds
  Crazy Yiuf (D:5)
  3 bullfrog skeletons
  10 worker ants
  21 orc wizards
  Ijyb (D:5)
  A hound skeleton (D:8)
  2 worker ant zombies
  8 gnolls
  10 adders
  2 shadow imps
  A white imp (Abyss:1)
  An ooze (D:1)
  An adder skeleton (D:4)
  4 worms
  A dart slug (D:2)
  7 leopard geckos
  124 orcs
  3 ball pythons
  11 bats
  4 giant cockroaches
  4 goblins
  4 hobgoblins
  10 jackals
  6 quokkas
  2 frilled lizards
  A jackal skeleton (D:4)
  A jackal zombie (D:3)
  14 kobolds
  A kobold zombie (D:3)
  A quokka skeleton (D:9)
  A quokka zombie (D:5)
  2 rats
  A butterfly (D:3)
  4 fungi
  6 plants
986 creatures vanquished.

Vanquished Creatures (others)
  Joseph (D:8)
  A tarantella (Spider:4)
  An orc priest (Orc:2)
  2 orc wizards
  A butterfly (D:3)
  3 fungi
  4 plants (Lair:3)
13 creatures vanquished.

Grand Total: 999 creatures vanquished

Notes
Turn   | Place    | Note
-------+----------+-------------------------------------------
     0 | D:1      | wolfsongas the Gargoyle Monk began the quest for the Orb.
     0 | D:1      | Reached XP level 1. HP: 14/14 MP: 1/1
   108 | D:1      | Reached XP level 2. HP: 19/20 MP: 2/2
   665 | D:2      | Found a faded altar of an unknown god.
   683 | D:2      | Became a worshipper of Kikubaaqudgha
   683 | D:2      | Reached * piety under Kikubaaqudgha
   683 | D:2      | Identified Kikubaaqudgha's Handbook of Dark Rites
                  | (Kikubaaqudgha gifted it to you on level 2 of the Dungeon)
   683 | D:2      | Received a gift from Kikubaaqudgha
   683 | D:2      | Reached ** piety under Kikubaaqudgha
   849 | D:2      | Reached XP level 3. HP: 19/24 MP: 3/3
  1011 | D:2      | Reached *** piety under Kikubaaqudgha
  1011 | D:2      | Identified Kikubaaqudgha's Tome of Evil (Kikubaaqudgha
                  | gifted it to you on level 2 of the Dungeon)
  1011 | D:2      | Received a gift from Kikubaaqudgha
  1413 | D:3      | Reached skill level 5 in Fighting
  1426 | D:3      | Reached XP level 4. HP: 22/31 MP: 4/4
  1711 | D:3      | Found a runed translucent door.
  1711 | D:3      | Noticed a human
  1720 | D:3      | Found a basalt altar of Yredelemnul.
  2012 | D:3      | Reached skill level 1 in Necromancy
  2019 | D:3      | Found a shimmering altar of Xom.
  2371 | D:3      | Reached XP level 5. HP: 8/36 MP: 5/5
  2679 | D:4      | Noticed an ogre
  2684 | D:4      | Killed an ogre
  2958 | D:4      | Gained mutation: You are clumsy. (Dex -2) [potion of
                  | mutation]
  2958 | D:4      | Gained mutation: Your large and strong wings let you fly
                  | indefinitely. [potion of mutation]
  2958 | D:4      | Gained mutation: Your spells are a little easier to cast,
                  | but a little less powerful. [potion of mutation]
  2958 | D:4      | Gained mutation: You have a pair of small horns on your
                  | head. [potion of mutation]
  3108 | D:4      | Reached XP level 6. HP: 38/42 MP: 6/6
  3780 | D:4      | Reached XP level 7. HP: 27/48 MP: 7/7
  3995 | D:5      | Entered Level 5 of the Dungeon
  3997 | D:5      | Found a glowing golden altar of the Shining One.
  4012 | D:5      | Noticed Menkaure
  4018 | D:5      | Killed Menkaure
  4133 | D:5      | Noticed Ijyb
  4155 | D:5      | Killed Ijyb
  4236 | D:5      | Reached **** piety under Kikubaaqudgha
  4260 | D:5      | Noticed Grinder
  4270 | D:5      | Paralysed by Grinder for 7 turns
  4280 | D:5      | Killed Grinder
  4280 | D:5      | Reached XP level 8. HP: 28/56 MP: 8/8
  4441 | D:5      | Learned a level 4 spell: Animate Dead
  4480 | D:5      | Found Isacroh's Lightly-Used Armoury.
  4491 | D:5      | Bought a -2 executioner's axe for 1 gold piece
  4560 | D:5      | Found a runed translucent door.
  4561 | D:5      | Noticed Crazy Yiuf
  4735 | D:5      | Found a radiant altar of Vehumet.
  4830 | D:5      | Reached skill level 1 in Armour
  4844 | D:5      | Reached skill level 3 in Axes
  4980 | D:5      | Killed Crazy Yiuf
  5432 | D:6      | Found a stormy altar of Qazlal.
  5462 | D:6      | Reached skill level 4 in Axes
  5654 | D:6      | Reached XP level 9. HP: 58/62 MP: 9/9
  5770 | D:6      | Found a staircase to the Ecumenical Temple.
  5905 | D:7      | Reached skill level 5 in Necromancy
  5907 | D:7      | Reached skill level 10 in Fighting
  6173 | D:7      | Reached skill level 5 in Axes
  6222 | D:7      | Found an ancient bone altar of Kikubaaqudgha.
  6320 | D:7      | Identified a scroll of acquirement
  6495 | D:7      | Reached ***** piety under Kikubaaqudgha
  6704 | D:7      | Found a sparkling altar of Nemelex Xobeh.
  6704 | D:7      | Found an opulent altar of Gozag.
  7035 | D:8      | Found an iron altar of Okawaru.
  7099 | D:8      | Noticed Joseph
  7112 | D:8      | Killed Joseph
  7112 | D:8      | Reached skill level 1 in Spellcasting
  7406 | D:8      | Noticed a gargoyle
  7778 | D:8      | Reached skill level 6 in Axes
  7782 | D:8      | Reached XP level 10. HP: 52/68 MP: 13/13
  7844 | D:9      | Noticed a two-headed ogre
  8384 | D:8      | Killed a gargoyle
  8781 | D:8      | Got a slimy hand axe
  8782 | D:8      | Identified the cursed +1 hand axe of the Eight Mice {drain,
                  | rPois Stlth+} (You found it on level 8 of the Dungeon)
  8911 | D:8      | Found the +15 Maxwell's patent armour {-Cast -Tele rElec
                  | MR+ rCorr}
  9170 | D:9      | Noticed a two-headed ogre
  9220 | D:9      | Killed a two-headed ogre
  9220 | D:9      | Reached skill level 7 in Axes
  9368 | D:9      | Found a snail-covered altar of Cheibriados.
  9370 | D:9      | Found a transporter.
  9383 | D:9      | Noticed a deep troll earth mage
  9386 | D:9      | Found a shattered altar of Ashenzari.
  9390 | D:9      | Found a transporter.
  9407 | D:9      | Found a stormy altar of Qazlal.
  9435 | D:9      | Killed a two-headed ogre
  9435 | D:9      | Reached XP level 11. HP: 74/74 MP: 16/16
  9494 | D:9      | Found a basalt altar of Yredelemnul.
  9547 | D:9      | Found a white marble altar of Elyvilon.
  9583 | D:9      | Reached skill level 5 in Armour
  9599 | D:9      | Reached skill level 8 in Axes
  9801 | D:10     | Entered Level 10 of the Dungeon
  9844 | D:10     | Found a staircase to the Lair.
  9945 | D:10     | Reached ****** piety under Kikubaaqudgha
 10360 | D:11     | Noticed a red ugly thing
 10376 | D:11     | Killed a red ugly thing
 10376 | D:11     | Reached skill level 9 in Axes
 10610 | D:11     | Noticed a two-headed ogre
 10621 | D:11     | Killed a two-headed ogre
 10728 | D:11     | Noticed an eight-headed hydra
 10758 | D:11     | Killed a 17-headed hydra
 10967 | D:11     | Found a staircase to the Orcish Mines.
 11302 | D:12     | Killed an unseen horror
 11302 | D:12     | Reached skill level 10 in Axes
 11302 | D:12     | Reached XP level 12. HP: 81/81 MP: 17/17
 11325 | D:12     | Noticed a two-headed ogre
 11332 | D:12     | Killed a two-headed ogre
 11479 | D:12     | Found a frozen archway.
 11576 | IceCv    | Entered an ice cave
 12036 | IceCv    | Noticed an ice dragon
 12049 | IceCv    | Noticed an ice dragon
 12058 | IceCv    | Killed an ice dragon
 12058 | IceCv    | Reached skill level 11 in Axes
 12063 | IceCv    | Killed an ice dragon
 12360 | IceCv    | Got a twitching bronze amulet
 12364 | IceCv    | Got an ancient steel ring
 12512 | IceCv    | Identified the amulet "Maebau" {Harm *Drain rF+ MP+9 Str+4}
                  | (You found it in an ice cave)
 12513 | IceCv    | Identified the ring "Boczevue" {rElec EV+4 Str+6 Dex-3
                  | Stlth+} (You found it in an ice cave)
 12735 | D:13     | Noticed a centaur warrior
 12743 | D:13     | Killed a centaur warrior
 12776 | D:13     | Noticed a two-headed ogre
 12783 | D:13     | Killed a two-headed ogre
 12800 | D:13     | Noticed a tengu warrior
 12812 | D:13     | Killed a tengu warrior
 12880 | D:13     | Reached XP level 13. HP: 88/88 MP: 18/18
 12914 | D:13     | Reached skill level 12 in Axes
 13128 | D:13     | Found a gate to the Vaults.
 13299 | D:13     | Found a sacrificial altar of Ru.
 13584 | D:14     | Found Damy's Distillery.
 13668 | D:14     | Reached skill level 10 in Armour
 14426 | D:15     | Entered Level 15 of the Dungeon
 14429 | D:15     | Noticed an ogre mage
 14440 | D:15     | Reached skill level 13 in Axes
 14458 | D:15     | Killed an ogre mage
 14526 | D:15     | Mutation became permanent: Your large and strong wings let
                  | you fly indefinitely. [Gargoyle growth]
 14526 | D:15     | Gained mutation: Your large and strong wings let you fly
                  | indefinitely. [Gargoyle growth]
 14526 | D:15     | Reached XP level 14. HP: 94/96 MP: 19/19
 14529 | D:15     | Found a staircase to the Depths.
 15022 | D:15     | Noticed Louise
 15048 | D:15     | Killed Louise
 15263 | Lair:1   | Entered Level 1 of the Lair of Beasts
 15552 | Lair:1   | You are sucked into a shaft!
 15686 | Lair:2   | Reached skill level 14 in Axes
 15718 | Lair:2   | Got a crude battleaxe
 15719 | Lair:2   | Identified the +0 battleaxe of Floods {flame, rN+} (You
                  | acquired it on level 2 of the Lair of Beasts)
 15849 | Lair:2   | Found a hole to the Spider Nest.
 16663 | Lair:3   | You are sucked into a shaft for 2 floors!
 16776 | Lair:5   | Found a sacrificial altar of Ru.
 17269 | Lair:4   | Found a staircase to the Swamp.
 17406 | Lair:4   | Reached skill level 15 in Fighting
 17605 | Lair:4   | Noticed Sonja
 17625 | Lair:4   | Cast into level 1 of the Abyss (Sonja)
 17814 | Abyss:1  | Reached XP level 15. HP: 101/103 MP: 20/20
 17854 | Abyss:1  | Noticed a cacodemon
 17869 | Abyss:1  | Gained mutation: You are frail. (-10% HP) [a cacodemon]
 17872 | Abyss:1  | Killed a cacodemon
 17915 | Abyss:1  | Noticed a bone dragon
 17949 | Abyss:1  | Killed a bone dragon
 17949 | Abyss:1  | Reached skill level 15 in Axes
 18015 | Lair:4   | Escaped the Abyss
 18022 | Lair:4   | Killed Sonja
 18787 | Lair:3   | You are sucked into a shaft!
 18975 | Lair:3   | Noticed Nergalle
 18993 | Lair:3   | Killed Nergalle
 19493 | Orc:1    | Entered Level 1 of the Orcish Mines
 19640 | Orc:2    | Entered Level 2 of the Orcish Mines
 20135 | Orc:1    | Found Darel's Assorted Antiques.
 20617 | Orc:2    | Got a smoking pewter amulet
 20667 | Orc:2    | Found a staircase to the Elven Halls.
 20937 | Orc:2    | Found Zigenah's Gadget Shoppe.
 20980 | Orc:2    | Found Benlosh's Weapon Emporium.
 21126 | Orc:2    | Found a roughly hewn altar of Beogh.
 21197 | Orc:2    | Reached skill level 16 in Axes
 21342 | Orc:2    | Noticed an orc warlord
 21364 | Orc:2    | Killed an orc warlord
 21412 | Orc:2    | Found Ykhlesel's Food Shoppe.
 21424 | Orc:2    | Reached XP level 16. HP: 83/99 MP: 21/21
 21468 | Orc:2    | Found Owniv's Jewellery Shop.
 21563 | Orc:2    | Found a roughly hewn altar of Beogh.
 21790 | Spider:1 | Entered Level 1 of the Spider Nest
 22727 | Spider:2 | Identified the amulet of the Solstice {Reflect rPois SH+5}
                  | (You found it on level 2 of the Orcish Mines)
 22915 | Spider:3 | Reached skill level 17 in Axes
 23383 | Spider:3 | Found a runed translucent door.
 23880 | Spider:3 | Reached XP level 17. HP: 104/104 MP: 22/22
 23981 | Spider:4 | Entered Level 4 of the Spider Nest
 24135 | Spider:4 | Noticed Arachne
 24152 | Spider:4 | Reached skill level 15 in Armour
 24214 | Spider:4 | Killed Arachne
 24214 | Spider:4 | Reached skill level 18 in Axes
 24927 | Spider:4 | Got a gossamer rune of Zot
 25075 | Spider:4 | Slain by an emperor scorpion

Skill      XL: |  1  2  3  4  5  6  7  8  9 10 11 12 13 14 15 16 17 |
---------------+----------------------------------------------------+-----
Fighting       | 4 5 6 7 8 9 10 11 12 13 14 15 16 | 16.3
Necromancy     | 1 2 3 4 6 7 |  7.2
Armour         | 2 4 7 9 10 12 13 14 15 | 15.7
Axes           | 4 6 7 10 11 13 14 16 17 18 | 18.7
Spellcasting   | 2 3 |  3.3
Dodging        | |  2.4
Stealth        | |  2.1

Action                   |  1- 3 |  4- 6 |  7- 9 | 10-12 | 13-15 | 16-18 || total
-------------------------+-------+-------+-------+-------+-------+-------++-------
Melee: Hand axe          |    87 |       |       |       |       |       ||    87
       War axe           |    19 |   112 |   232 |    26 |       |       ||   389
       Headbutt          |       |     5 |    28 |   133 |   218 |   163 ||   547
       Battleaxe         |       |       |       |   587 |  1065 |   815 ||  2467
 Cast: Animate Dead      |       |       |     1 |     1 |       |       ||     2
 Abil: Fly               |       |       |       |     1 |       |       ||     1
Evoke: Wand              |       |       |     4 |       |     2 |       ||     6
  Use: Scroll            |     8 |     2 |     6 |    14 |    13 |     6 ||    49
       Potion            |       |     6 |     5 |     2 |     3 |     3 ||    19
 Stab: Sleeping          |     1 |     1 |     1 |       |       |       ||     3
       Invisible         |       |       |     2 |       |       |       ||     2
       Held in net/web   |       |       |       |       |       |     1 ||     1
  Eat: Ration            |     1 |     2 |     4 |     6 |     9 |     3 ||    25
       Chunk             |       |       |       |       |     6 |     1 ||     7
Armor: Ring mail         |    63 |    43 |   133 |    31 |       |       ||   270
       Plate armour      |       |       |       |   741 |   801 |   875 ||  2417
Dodge: Dodged            |    79 |    96 |   178 |   350 |   610 |   602 ||  1915
Block: Other             |       |       |       |    51 |   125 |   171 ||   347
       Reflection        |       |       |       |     3 |     4 |       ||     7
